Edmonton Oilers vs Pittsburgh Penguins
Created - Wednesday, April 9, 2025 at 08:11
Goals
|
| Edmonton Oilers |
0 |
2 |
1 |
3 |
| Pittsburgh Penguins |
0 |
1 |
1 |
2 |
|
Shots
|
| Edmonton Oilers |
7 |
24 |
4 |
35 |
| Pittsburgh Penguins |
14 |
11 |
8 |
33 |
|
1st period
No Goal
Penalties :
Mattias Ekholm (PIT) for Cross-checking (Minor) at 8:50, Adrian Kempe (EDM) for Interference (Minor) at 14:09
2nd period
1. Pittsburgh Penguins , Phillip Danault 21 (Mitchell Marner 40, Blake Coleman 14) at 5:45 (PP)
2. Edmonton Oilers , Jake DeBrusk 13 (Brock Boeser 20) at 15:28
3. Edmonton Oilers , Ryan McLeod 6 (Scott Mayfield 6, Dawson Mercer 11) at 17:52
Penalties :
Brett Pesce (EDM) for Slashing (Minor) at 5:07, Rasmus Ristolainen (EDM) for Boarding (Minor) at 12:07
3rd period
4. Pittsburgh Penguins , Gabriel Vilardi 8 (James van Riemsdyk 9) at 9:59
5. Edmonton Oilers , Adrian Kempe 18 (Brock Boeser 21, Morgan Barron 4) at 19:23 (PP)
Penalties :
Brock Faber (PIT) for Holding Stick (Minor) at 0:58, Brock Faber (PIT) for Unsportsmanlike conduct (Minor) at 6:32, Adrian Kempe (EDM) for Interference (Minor) at 17:20, Blake Coleman (PIT) for Interference (Minor) at 17:25
Goalie Stats
Juuse Saros (EDM), 31 saves from 33 shots - (0.939), W, 12-17-5, 60:00 minutes
Marc-Andre Fleury (PIT), 32 saves from 35 shots - (0.914), L, 1-3-0, 59:35 minutes
Players Stats for Edmonton Oilers
Player Name G A P +/- PIM S H SB GA TA FO MP PP MP PK MP
------------------------------------------------------------------------------------
Adrian Kempe 1 0 1 0 4 5 2 1 1 0 0/2 17:52 2:58 1:01
Boone Jenner 0 0 0 0 0 3 1 0 0 0 12/24 18:35 2:54 1:40
Brandon Carlo 0 0 0 1 0 0 1 1 0 1 0/0 22:32 3:08 1:45
Brett Pesce 0 0 0 0 2 0 0 1 1 0 0/0 15:00 0:00 0:00
Brock Boeser 0 2 2 1 0 3 0 1 1 0 0/0 19:29 3:07 2:38
Corey Perry 0 0 0 0 0 4 1 0 0 0 0/2 14:47 0:04 2:00
David Perron 0 0 0 0 0 4 0 0 0 0 0/1 18:35 2:54 1:40
David Savard 0 0 0 0 0 1 1 0 0 2 0/0 21:39 2:53 2:56
Dawson Mercer 0 1 1 0 0 4 1 0 0 0 1/9 12:24 0:00 0:00
Derek Ryan 0 0 0 0 0 1 2 1 0 0 2/9 9:03 0:00 0:00
Jacob Trouba 0 0 0 1 0 1 1 3 0 0 0/0 22:32 3:08 1:45
Jake DeBrusk 1 0 1 1 0 2 0 0 1 1 1/2 16:05 3:03 0:23
Jeff Carter 0 0 0 1 0 2 1 0 2 1 9/18 15:33 3:03 0:00
Joey Anderson 0 0 0 0 0 1 1 1 2 0 0/0 9:08 0:00 0:00
Morgan Barron 0 1 1 0 0 0 1 1 0 0 0/1 9:59 0:00 0:00
Rasmus Ristolainen 0 0 0 0 2 0 1 2 0 0 0/0 15:57 0:00 0:00
Ryan McLeod 1 0 1 0 0 2 1 1 0 0 0/0 11:44 0:00 0:00
Scott Mayfield 0 1 1 0 0 2 1 4 0 0 0/0 22:27 2:53 2:56
Players Stats for Pittsburgh Penguins
Player Name G A P +/- PIM S H SB GA TA FO MP PP MP PK MP
------------------------------------------------------------------------------------
Adam Gaudette 0 0 0 -1 0 0 0 0 0 0 7/10 11:22 0:00 0:02
Blake Coleman 0 1 1 0 2 1 2 1 1 1 0/0 15:26 2:18 0:00
Brock Faber 0 0 0 1 4 1 1 1 0 0 0/0 22:13 3:23 1:07
Carson Soucy 0 0 0 0 0 0 0 1 0 2 0/0 14:23 0:00 0:21
Dylan Guenther 0 0 0 -1 0 3 1 0 0 0 1/1 11:12 0:00 0:01
Erik Gudbranson 0 0 0 1 0 0 3 2 0 0 0/0 23:51 3:23 3:40
Erik Karlsson 0 0 0 -2 0 2 0 3 0 1 0/0 22:54 1:18 3:03
Gabriel Vilardi 1 0 1 0 0 2 0 1 1 0 2/4 8:35 0:00 0:00
Jake Neighbours 0 0 0 0 0 0 0 0 0 0 0/0 8:35 0:00 0:00
James van Riemsdyk 0 1 1 0 0 1 0 0 0 0 0/0 8:35 0:00 0:00
Jordan Eberle 0 0 0 -1 0 4 2 0 0 0 0/0 11:11 0:00 0:00
Leon Draisaitl 0 0 0 0 0 7 1 0 0 1 19/27 20:48 2:22 3:11
Mark Giordano 0 0 0 0 0 0 1 2 0 0 0/0 15:44 0:00 2:21
Mattias Ekholm 0 0 0 -2 2 2 1 0 0 0 0/0 21:24 1:18 1:30
Mitchell Marner 0 1 1 0 0 3 0 2 2 0 2/5 19:15 2:19 2:48
Pavel Buchnevich 0 0 0 0 0 5 0 0 0 3 0/1 20:18 2:22 2:49
Phillip Danault 1 0 1 0 0 1 0 0 0 0 11/19 15:27 2:19 0:00
Sam Reinhart 0 0 0 0 0 1 1 1 1 0 1/1 20:48 2:22 3:11
3 Stars
1 - Brock Boeser (EDM)
2 - Juuse Saros (EDM)
3 - Jake DeBrusk (EDM)
Power Play
Edmonton Oilers - 1 on 4 Attempt(s) - 25.00%
Pittsburgh Penguins - 1 on 4 Attempt(s) - 25.00%
Penalty Kill
Edmonton Oilers - 3 on 4 Attempt(s) - 75.00%
- Score 0 goal in Penalty Kill
Pittsburgh Penguins - 3 on 4 Attempt(s) - 75.00%
- Score 0 goal in Penalty Kill
Team Stat
Edmonton Oilers - Hits : 16 - Faceoff Wins : 25 - Blocked Shots : 17 - Penalty Minutes : 8
Pittsburgh Penguins - Hits : 13 - Faceoff Wins : 43 - Blocked Shots : 14 - Penalty Minutes : 8
Official
Referees : Graham Skilliter and Michael Markovic
Linesman : Steve Barton and Travis Gawryletz
Game Notes
No Game Note
Finance
Level 1 -- Attendance: 4485 (74.75%) -- Ticket Income $448,500
Level 2 -- Attendance: 3575 (71.50%) -- Ticket Income $214,500
Level 3 -- Attendance: 2176 (72.53%) -- Ticket Income $76,160
Level 4 -- Attendance: 3787 (75.74%) -- Ticket Income $94,675
Luxury Box -- Attendance: 742 (74.20%) -- Ticket Income $148,400
Game was played at the Consol Energy Center.
Total Attendance: 14765 (73.83%)
Total Ticket Income: $982,235
Other Income: $343,782
Total Income: $1,326,017
Edmonton Oilers
5 vs 5 Forward
Center Left Wing Right Wing Time % Phy DF OF
1 Boone Jenner David Perron Adrian Kempe 30 1 2 2
2 Jeff Carter Jake DeBrusk Brock Boeser 30 1 2 2
3 Dawson Mercer Ryan McLeod Corey Perry 25 1 2 2
4 Derek Ryan Morgan Barron Joey Anderson 15 1 2 2
5 vs 5 Defense
Defense Defense Time % Phy DF OF
1 Jacob Trouba Brandon Carlo 35 1 2 2
2 Rasmus Ristolainen Brett Pesce 35 1 2 2
3 Scott Mayfield David Savard 30 1 2 2
4 Jacob Trouba Brandon Carlo 0 1 2 2
PowerPlay Forward
Center Left Wing Right Wing Time % Phy DF OF
1 Boone Jenner David Perron Adrian Kempe 50 1 2 2
2 Jeff Carter Jake DeBrusk Brock Boeser 50 1 2 2
PowerPlay Defense
Defense Defense Time % Phy DF OF
1 Jacob Trouba Brandon Carlo 50 1 2 2
2 Scott Mayfield David Savard 50 1 2 2
Penalty Kill 4 Players Forward
Center Wing Time % Phy DF OF
1 Adrian Kempe Brock Boeser 50 1 2 2
2 Boone Jenner David Perron 50 1 2 2
Penalty Kill 4 Players Defense
Defense Defense Time % Phy DF OF
1 Jacob Trouba Brandon Carlo 50 1 2 2
2 Scott Mayfield David Savard 50 1 2 2
Penalty Kill - 3 Players Forward
Forward Time % Phy DF OF
1 Adrian Kempe 50 1 2 2
2 Brock Boeser 50 1 2 2
Penalty Kill - 3 Players Defense
Defense Defense Time % Phy DF OF
1 Jacob Trouba Brandon Carlo 50 1 2 2
2 Scott Mayfield David Savard 50 1 2 2
4 vs 4 Forward
Center Wing Time % Phy DF OF
1 Adrian Kempe Brock Boeser 50 1 2 2
2 Boone Jenner David Perron 50 1 2 2
4 vs 4 Defense
Defense Defense Time % Phy DF OF
1 Jacob Trouba Brandon Carlo 50 1 2 2
2 Scott Mayfield Rasmus Ristolainen 50 1 2 2
Last Minutes Offensive
Center Left Wing Right Wing Defense Defense
Boone Jenner David Perron Adrian Kempe Jacob Trouba Brandon Carlo
Last Minutes Defensive
Center Left Wing Right Wing Defense Defense
Boone Jenner David Perron Adrian Kempe Jacob Trouba Brandon Carlo
Goaltenders
Starting : Juuse Saros
Backup : Jonathan Quick
Extra Forwards
Normal : Morgan Barron, Adrian Kempe, Corey Perry - PP : Morgan Barron, Adrian Kempe - PK : Corey Perry
Extra Defensemen
Normal : Scott Mayfield, Jacob Trouba, Brandon Carlo - PP : Scott Mayfield - PK : Brandon Carlo, Jacob Trouba
Penalty Shots
Adrian Kempe, Brock Boeser, Boone Jenner, David Perron, Jake DeBrusk
Scratches
Troy Stecher (Healthy), Julien Gauthier (Healthy), Tanner Jeannot (Healthy), Evan Bouchard (Healthy), Dylan Holloway (Healthy)
Pittsburgh Penguins
5 vs 5 Forward
Center Left Wing Right Wing Time % Phy DF OF
1 Leon Draisaitl Pavel Buchnevich Sam Reinhart 30 1 2 2
2 Phillip Danault Blake Coleman Mitchell Marner 30 1 2 2
3 Adam Gaudette Dylan Guenther Jordan Eberle 25 1 2 2
4 Gabriel Vilardi Jake Neighbours James van Riemsdyk 15 1 2 2
5 vs 5 Defense
Defense Defense Time % Phy DF OF
1 Mattias Ekholm Erik Karlsson 35 1 2 2
2 Erik Gudbranson Brock Faber 35 1 2 2
3 Mark Giordano Carson Soucy 30 1 2 2
4 Mattias Ekholm Erik Karlsson 0 1 2 2
PowerPlay Forward
Center Left Wing Right Wing Time % Phy DF OF
1 Leon Draisaitl Pavel Buchnevich Sam Reinhart 50 1 2 2
2 Phillip Danault Blake Coleman Mitchell Marner 50 1 2 2
PowerPlay Defense
Defense Defense Time % Phy DF OF
1 Mattias Ekholm Erik Karlsson 50 1 2 2
2 Erik Gudbranson Brock Faber 50 1 2 2
Penalty Kill 4 Players Forward
Center Wing Time % Phy DF OF
1 Leon Draisaitl Sam Reinhart 50 1 2 2
2 Mitchell Marner Pavel Buchnevich 50 1 2 2
Penalty Kill 4 Players Defense
Defense Defense Time % Phy DF OF
1 Mattias Ekholm Erik Karlsson 50 1 2 2
2 Erik Gudbranson Brock Faber 50 1 2 2
Penalty Kill - 3 Players Forward
Forward Time % Phy DF OF
1 Leon Draisaitl 50 1 2 2
2 Sam Reinhart 50 1 2 2
Penalty Kill - 3 Players Defense
Defense Defense Time % Phy DF OF
1 Mattias Ekholm Erik Karlsson 50 1 2 2
2 Erik Gudbranson Brock Faber 50 1 2 2
4 vs 4 Forward
Center Wing Time % Phy DF OF
1 Leon Draisaitl Sam Reinhart 50 1 2 2
2 Mitchell Marner Pavel Buchnevich 50 1 2 2
4 vs 4 Defense
Defense Defense Time % Phy DF OF
1 Mattias Ekholm Erik Karlsson 50 1 2 2
2 Erik Gudbranson Brock Faber 50 1 2 2
Last Minutes Offensive
Center Left Wing Right Wing Defense Defense
Leon Draisaitl Pavel Buchnevich Sam Reinhart Mattias Ekholm Erik Karlsson
Last Minutes Defensive
Center Left Wing Right Wing Defense Defense
Leon Draisaitl Pavel Buchnevich Sam Reinhart Mattias Ekholm Erik Karlsson
Goaltenders
Starting : Marc-Andre Fleury
Backup : Jordan Binnington
Extra Forwards
Normal : Jake Neighbours, Jordan Eberle, Sam Reinhart - PP : Jake Neighbours, Jordan Eberle - PK : Leon Draisaitl
Extra Defensemen
Normal : Mark Giordano, Mattias Ekholm, Erik Gudbranson - PP : Mark Giordano - PK : Erik Karlsson, Erik Gudbranson
Penalty Shots
Leon Draisaitl, Sam Reinhart, Mitchell Marner, Pavel Buchnevich, Blake Coleman
Scratches
Jean-Gabriel Pageau (Healthy), Brian Dumoulin (Healthy)
% Time on Ice - Edmonton Oilers
Lines # - Real PCT - Wanted PCT - Time Play
Normal Forward
1 - 29% - 30% - 13:22
2 - 27% - 30% - 12:39
3 - 25% - 25% - 11:44
4 - 19% - 15% - 9:03
Normal Defense
1 - 34% - 35% - 15:57
2 - 34% - 35% - 16:07
3 - 31% - 30% - 14:44
4 - 0% - 0% - 0:00
PP Forward
1 - 49% - 50% - 2:58
2 - 51% - 50% - 3:03
PP Defense
1 - 52% - 50% - 3:08
2 - 48% - 50% - 2:53
PK Forward
1 - 56% - 50% - 2:38
2 - 44% - 50% - 2:03
PK Defense
1 - 37% - 50% - 1:45
2 - 63% - 50% - 2:56
PK3 Forward
1 - 0% - 50%
2 - 0% - 50%
PK3 Defense
1 - 0% - 50%
2 - 0% - 50%
44 Forward
1 - 54% - 50% - 1:02
2 - 46% - 50% - 0:52
44 Defense
1 - 58% - 50% - 1:06
2 - 42% - 50% - 0:48
Last Minute Offensive - 0:00
Last Minute Defensive - 0:36
Total
Forward - 60:00
Defense - 60:00
|
% Time on Ice - Pittsburgh Penguins
Lines # - Real PCT - Wanted PCT - Time Play
Normal Forward
1 - 29% - 30% - 13:45
2 - 28% - 30% - 13:17
3 - 24% - 25% - 11:11
4 - 18% - 15% - 8:35
Normal Defense
1 - 36% - 35% - 17:02
2 - 35% - 35% - 16:32
3 - 28% - 30% - 13:14
4 - 0% - 0% - 0:00
PP Forward
1 - 51% - 50% - 2:22
2 - 49% - 50% - 2:19
PP Defense
1 - 28% - 50% - 1:18
2 - 72% - 50% - 3:23
PK Forward
1 - 53% - 50% - 3:11
2 - 47% - 50% - 2:50
PK Defense
1 - 48% - 50% - 2:52
2 - 52% - 50% - 3:09
PK3 Forward
1 - 0% - 50%
2 - 0% - 50%
PK3 Defense
1 - 0% - 50%
2 - 0% - 50%
44 Forward
1 - 47% - 50% - 0:54
2 - 53% - 50% - 1:00
44 Defense
1 - 38% - 50% - 0:43
2 - 62% - 50% - 1:11
Last Minute Offensive - 0:36
Last Minute Defensive - 0:00
Total
Forward - 60:00
Defense - 60:00
|
Play-by-Play
1st period
0:01 of 1st period - Leon Draisaitl wins face-off versus Boone Jenner in neutral zone.
0:34 of 1st period - Snap shot by Jeff Carter.
0:34 of 1st period - Deflect By Brock Boeser.
0:34 of 1st period - Shot Misses the Net.
0:34 of 1st period - Puck is out of play.
0:35 of 1st period - Adam Gaudette wins face-off versus Dawson Mercer in Pittsburgh Penguins zone.
1:34 of 1st period - Slapshot by Blake Coleman.
1:34 of 1st period - Shot Blocked by Scott Mayfield.
1:48 of 1st period - Leon Draisaitl is hit by David Savard and loses puck.
2:28 of 1st period - Backhand shot by Gabriel Vilardi.
2:28 of 1st period - Deflect By James van Riemsdyk.
2:28 of 1st period - Shot Blocked by Jacob Trouba.
2:28 of 1st period - Puck is out of play.
2:29 of 1st period - Gabriel Vilardi wins face-off versus Derek Ryan in Edmonton Oilers zone.
2:36 of 1st period - Snap shot by James van Riemsdyk.
2:36 of 1st period - Stopped by Juuse Saros with a rebound.
2:38 of 1st period - Slapshot by Erik Karlsson.
2:38 of 1st period - Stopped by Juuse Saros with a rebound.
2:40 of 1st period - Snap shot by Erik Karlsson.
2:40 of 1st period - Stopped by Juuse Saros without a rebound.
2:41 of 1st period - Jeff Carter wins face-off versus Phillip Danault in Edmonton Oilers zone.
2:48 of 1st period - Snap shot by Brock Boeser.
2:48 of 1st period - Stopped by Marc-Andre Fleury without a rebound.
2:49 of 1st period - Jeff Carter wins face-off versus Phillip Danault in Pittsburgh Penguins zone.
3:04 of 1st period - Snap shot by Jeff Carter.
3:04 of 1st period - Stopped by Marc-Andre Fleury without a rebound.
3:05 of 1st period - Leon Draisaitl wins face-off versus Boone Jenner in Pittsburgh Penguins zone.
3:14 of 1st period - Snap shot by Leon Draisaitl.
3:14 of 1st period - Shot Misses the Net.
3:16 of 1st period - Wrist shot by Sam Reinhart.
3:16 of 1st period - Shot Misses the Net.
3:18 of 1st period - Slapshot by Mattias Ekholm.
3:18 of 1st period - Stopped by Juuse Saros without a rebound.
3:19 of 1st period - Adam Gaudette wins face-off versus Dawson Mercer in Edmonton Oilers zone.
3:29 of 1st period - Off-side.
3:30 of 1st period - Boone Jenner wins face-off versus Leon Draisaitl in neutral zone.
3:35 of 1st period - Slapshot by Boone Jenner.
3:35 of 1st period - Stopped by Marc-Andre Fleury with a rebound.
3:37 of 1st period - Wrist shot by David Perron.
3:37 of 1st period - Shot Misses the Net.
3:41 of 1st period - Wrist shot by David Perron.
3:41 of 1st period - Shot Blocked by Sam Reinhart.
3:43 of 1st period - Snap shot by Adrian Kempe.
3:43 of 1st period - Stopped by Marc-Andre Fleury without a rebound.
3:44 of 1st period - Phillip Danault wins face-off versus Jeff Carter in Pittsburgh Penguins zone.
4:14 of 1st period - Jacob Trouba is hit by Jordan Eberle and loses puck.
4:31 of 1st period - Snap shot by Leon Draisaitl.
4:31 of 1st period - Deflect By Pavel Buchnevich.
4:31 of 1st period - Shot Misses the Net.
4:31 of 1st period - Puck is out of play.
4:32 of 1st period - Leon Draisaitl wins face-off versus Boone Jenner in Edmonton Oilers zone.
4:45 of 1st period - Snap shot by Pavel Buchnevich.
4:45 of 1st period - Stopped by Juuse Saros without a rebound.
4:46 of 1st period - Phillip Danault wins face-off versus Jeff Carter in Edmonton Oilers zone.
4:58 of 1st period - Off-side.
4:59 of 1st period - Adam Gaudette wins face-off versus Derek Ryan in neutral zone.
5:24 of 1st period - Mark Giordano is hit by Jeff Carter.
5:51 of 1st period - Mitchell Marner is hit by Ryan McLeod and loses puck.
6:12 of 1st period - Mattias Ekholm is hit by Adrian Kempe and loses puck.
6:23 of 1st period - Mattias Ekholm is hit by Adrian Kempe.
7:03 of 1st period - Slapshot by Pavel Buchnevich.
7:03 of 1st period - Shot Blocked by Rasmus Ristolainen.
7:05 of 1st period - Snap shot by Sam Reinhart.
7:05 of 1st period - Shot Misses the Net.
7:47 of 1st period - Wrist shot by Adrian Kempe.
7:47 of 1st period - Stopped by Marc-Andre Fleury with a rebound.
8:07 of 1st period - Wrist shot by Jordan Eberle.
8:07 of 1st period - Shot Blocked by Morgan Barron.
8:25 of 1st period - Wrist shot by Pavel Buchnevich.
8:25 of 1st period - Stopped by Juuse Saros with a rebound.
8:50 of 1st period - Minor Penalty to Mattias Ekholm for Cross-checking.
8:51 of 1st period - Leon Draisaitl wins face-off versus Boone Jenner in Pittsburgh Penguins zone.
10:25 of 1st period - Erik Karlsson is hit by Brandon Carlo.
10:50 of 1st period - Penalty to Mattias Ekholm is over, Mattias Ekholm is back on ice.
10:58 of 1st period - Off-side.
10:59 of 1st period - Adam Gaudette wins face-off versus Derek Ryan in neutral zone.
11:02 of 1st period - Slapshot by Dylan Guenther.
11:02 of 1st period - Stopped by Juuse Saros without a rebound.
11:03 of 1st period - Adam Gaudette wins face-off versus Derek Ryan in Edmonton Oilers zone.
11:58 of 1st period - Snap shot by Pavel Buchnevich.
11:58 of 1st period - Stopped by Juuse Saros without a rebound.
11:59 of 1st period - Jeff Carter wins face-off versus Leon Draisaitl in Edmonton Oilers zone.
12:06 of 1st period - Wrist shot by Brock Boeser.
12:06 of 1st period - Shot Misses the Net.
12:08 of 1st period - Snap shot by Jeff Carter.
12:08 of 1st period - Shot Misses the Net.
12:14 of 1st period - Wrist shot by Leon Draisaitl.
12:14 of 1st period - Stopped by Juuse Saros without a rebound.
12:15 of 1st period - Boone Jenner wins face-off versus Adam Gaudette in Edmonton Oilers zone.
12:15 of 1st period - Boone Jenner is hit by Jordan Eberle.
12:21 of 1st period - Backhand shot by Adrian Kempe.
12:21 of 1st period - Shot Misses the Net.
12:41 of 1st period - Jake DeBrusk is hit by Brock Faber.
13:25 of 1st period - Icing by Brandon Carlo.
13:26 of 1st period - Derek Ryan wins face-off versus Gabriel Vilardi in Edmonton Oilers zone.
13:45 of 1st period - Slapshot by Joey Anderson.
13:45 of 1st period - Stopped by Marc-Andre Fleury without a rebound.
13:46 of 1st period - Leon Draisaitl wins face-off versus Boone Jenner in Pittsburgh Penguins zone.
14:09 of 1st period - Minor Penalty to Adrian Kempe for Interference.
14:10 of 1st period - Leon Draisaitl wins face-off versus Corey Perry in Edmonton Oilers zone.
14:17 of 1st period - Snap shot by Sam Reinhart.
14:17 of 1st period - Deflect By Brock Boeser.
14:17 of 1st period - Shot Misses the Net.
14:17 of 1st period - Puck is out of play.
14:18 of 1st period - Leon Draisaitl wins face-off versus Corey Perry in Edmonton Oilers zone.
14:21 of 1st period - Snap shot by Pavel Buchnevich.
14:21 of 1st period - Stopped by Juuse Saros without a rebound.
14:22 of 1st period - Boone Jenner wins face-off versus Phillip Danault in Edmonton Oilers zone.
14:29 of 1st period - Snap shot by Boone Jenner.
14:29 of 1st period - Stopped by Marc-Andre Fleury without a rebound.
14:30 of 1st period - Boone Jenner wins face-off versus Phillip Danault in Pittsburgh Penguins zone.
15:05 of 1st period - Snap shot by Blake Coleman.
15:05 of 1st period - Stopped by Juuse Saros with a rebound.
15:47 of 1st period - Snap shot by Mitchell Marner.
15:47 of 1st period - Shot Misses the Net.
15:49 of 1st period - Snap shot by Mitchell Marner.
15:49 of 1st period - Shot Blocked by Brock Boeser.
15:59 of 1st period - Snap shot by Mitchell Marner.
15:59 of 1st period - Stopped by Juuse Saros with a rebound.
16:09 of 1st period - Penalty to Adrian Kempe is over, Adrian Kempe is back on ice.
16:15 of 1st period - Wrist shot by Blake Coleman.
16:15 of 1st period - Shot Misses the Net.
16:57 of 1st period - Snap shot by Mitchell Marner.
16:57 of 1st period - Stopped by Juuse Saros without a rebound.
16:58 of 1st period - Leon Draisaitl wins face-off versus Derek Ryan in Edmonton Oilers zone.
16:59 of 1st period - Wrist shot by Sam Reinhart.
16:59 of 1st period - Shot Misses the Net.
17:07 of 1st period - Snap shot by Leon Draisaitl.
17:07 of 1st period - Stopped by Juuse Saros with a rebound.
17:09 of 1st period - Slapshot by Mattias Ekholm.
17:09 of 1st period - Shot Blocked by Joey Anderson.
17:11 of 1st period - Slapshot by Erik Karlsson.
17:11 of 1st period - Shot Blocked by Derek Ryan.
17:25 of 1st period - Jordan Eberle is hit by Boone Jenner and loses puck.
18:01 of 1st period - Icing by Boone Jenner.
18:02 of 1st period - Leon Draisaitl wins face-off versus Derek Ryan in Edmonton Oilers zone.
18:50 of 1st period - Dylan Guenther is hit by Joey Anderson and loses puck.
Goals for this period are 0 for Edmonton Oilers vs 0 for Pittsburgh Penguins.
Shots for this period are 7 for Edmonton Oilers vs 14 for Pittsburgh Penguins.
2nd period
0:01 of 2nd period - Phillip Danault wins face-off versus Jeff Carter in neutral zone.
0:34 of 2nd period - Icing by Brandon Carlo.
0:35 of 2nd period - Leon Draisaitl wins face-off versus Dawson Mercer in Edmonton Oilers zone.
0:41 of 2nd period - Icing by Brandon Carlo.
0:42 of 2nd period - Leon Draisaitl wins face-off versus Dawson Mercer in Edmonton Oilers zone.
1:01 of 2nd period - Snap shot by Dawson Mercer.
1:01 of 2nd period - Stopped by Marc-Andre Fleury with a rebound.
1:03 of 2nd period - Wrist shot by Ryan McLeod.
1:03 of 2nd period - Shot Misses the Net.
1:05 of 2nd period - Slapshot by Jacob Trouba.
1:05 of 2nd period - Shot Hit the Post.
1:07 of 2nd period - Snap shot by Corey Perry.
1:07 of 2nd period - Stopped by Marc-Andre Fleury with a rebound.
1:09 of 2nd period - Snap shot by Ryan McLeod.
1:09 of 2nd period - Stopped by Marc-Andre Fleury without a rebound.
1:10 of 2nd period - Jeff Carter wins face-off versus Phillip Danault in Pittsburgh Penguins zone.
1:15 of 2nd period - Snap shot by Brock Boeser.
1:15 of 2nd period - Stopped by Marc-Andre Fleury without a rebound.
1:16 of 2nd period - Jeff Carter wins face-off versus Phillip Danault in Pittsburgh Penguins zone.
1:17 of 2nd period - Wrist shot by Brock Boeser.
1:17 of 2nd period - Deflect By Jeff Carter.
1:17 of 2nd period - Stopped by Marc-Andre Fleury with a rebound.
1:19 of 2nd period - Snap shot by Brock Boeser.
1:19 of 2nd period - Shot Misses the Net.
1:21 of 2nd period - Slapshot by Scott Mayfield.
1:21 of 2nd period - Shot Blocked by Erik Gudbranson.
1:23 of 2nd period - Wrist shot by Brock Boeser.
1:23 of 2nd period - Shot Misses the Net.
1:25 of 2nd period - Slapshot by David Savard.
1:25 of 2nd period - Shot Blocked by Mitchell Marner.
1:27 of 2nd period - Slapshot by Scott Mayfield.
1:27 of 2nd period - Shot Hit the Post.
1:29 of 2nd period - Wrist shot by Jake DeBrusk.
1:29 of 2nd period - Shot Blocked by Mitchell Marner.
1:31 of 2nd period - Slapshot by David Savard.
1:31 of 2nd period - Shot Blocked by Brock Faber.
1:47 of 2nd period - Snap shot by Jordan Eberle.
1:47 of 2nd period - Deflect By Dylan Guenther.
1:47 of 2nd period - Shot Misses the Net.
1:47 of 2nd period - Puck is out of play.
1:48 of 2nd period - Jeff Carter wins face-off versus Adam Gaudette in Edmonton Oilers zone.
1:53 of 2nd period - Snap shot by Brock Boeser.
1:53 of 2nd period - Stopped by Marc-Andre Fleury with a rebound.
1:55 of 2nd period - Wrist shot by Brock Boeser.
1:55 of 2nd period - Shot Blocked by Carson Soucy.
1:57 of 2nd period - Slapshot by Rasmus Ristolainen.
1:57 of 2nd period - Deflect By Jake DeBrusk.
1:57 of 2nd period - Shot Misses the Net.
1:57 of 2nd period - Puck is out of play.
1:58 of 2nd period - Jeff Carter wins face-off versus Mitchell Marner in Pittsburgh Penguins zone.
2:39 of 2nd period - Snap shot by Boone Jenner.
2:39 of 2nd period - Stopped by Marc-Andre Fleury without a rebound.
2:40 of 2nd period - Adam Gaudette wins face-off versus Dawson Mercer in Pittsburgh Penguins zone.
3:56 of 2nd period - Snap shot by Joey Anderson.
3:56 of 2nd period - Shot Blocked by Mark Giordano.
3:58 of 2nd period - Snap shot by David Savard.
3:58 of 2nd period - Shot Blocked by Mark Giordano.
4:00 of 2nd period - Wrist shot by Derek Ryan.
4:00 of 2nd period - Stopped by Marc-Andre Fleury with a rebound.
4:52 of 2nd period - Wrist shot by Ryan McLeod.
4:52 of 2nd period - Shot Misses the Net.
4:54 of 2nd period - Slapshot by Jacob Trouba.
4:54 of 2nd period - Shot Misses the Net.
4:56 of 2nd period - Slapshot by Jacob Trouba.
4:56 of 2nd period - Shot Blocked by Erik Karlsson.
4:58 of 2nd period - Slapshot by Jacob Trouba.
4:58 of 2nd period - Deflect By Corey Perry.
4:58 of 2nd period - Shot Blocked by Erik Karlsson.
4:58 of 2nd period - Puck is out of play.
4:59 of 2nd period - Phillip Danault wins face-off versus Jeff Carter in Pittsburgh Penguins zone.
5:07 of 2nd period - Minor Penalty to Brett Pesce for Slashing.
5:08 of 2nd period - Boone Jenner wins face-off versus Pavel Buchnevich in Edmonton Oilers zone.
5:24 of 2nd period - Wrist shot by David Perron.
5:24 of 2nd period - Stopped by Marc-Andre Fleury with a rebound.
5:39 of 2nd period - Off-side.
5:40 of 2nd period - Phillip Danault wins face-off versus Adrian Kempe in neutral zone.
5:45 of 2nd period - Snap shot by Phillip Danault.
5:45 of 2nd period - Goal by Phillip Danault - Edmonton Oilers : 0 - Pittsburgh Penguins : 1.
5:46 of 2nd period - Phillip Danault wins face-off versus Jeff Carter in neutral zone.
6:17 of 2nd period - Wrist shot by Pavel Buchnevich.
6:17 of 2nd period - Shot Blocked by Jacob Trouba.
6:37 of 2nd period - Snap shot by Jordan Eberle.
6:37 of 2nd period - Stopped by Juuse Saros without a rebound.
6:38 of 2nd period - Phillip Danault wins face-off versus Dawson Mercer in Edmonton Oilers zone.
6:49 of 2nd period - Wrist shot by Blake Coleman.
6:49 of 2nd period - Shot Misses the Net.
6:51 of 2nd period - Wrist shot by Blake Coleman.
6:51 of 2nd period - Shot Blocked by Rasmus Ristolainen.
6:53 of 2nd period - Slapshot by Erik Karlsson.
6:53 of 2nd period - Shot Blocked by Ryan McLeod.
6:55 of 2nd period - Snap shot by Mattias Ekholm.
6:55 of 2nd period - Deflect By Corey Perry.
6:55 of 2nd period - Stopped by Juuse Saros with a rebound.
7:05 of 2nd period - Rasmus Ristolainen is hit by Mattias Ekholm and loses puck.
7:44 of 2nd period - Morgan Barron is hit by Erik Gudbranson and loses puck.
7:57 of 2nd period - Jake Neighbours is hit by Derek Ryan and loses puck.
9:08 of 2nd period - Boone Jenner is hit by Dylan Guenther and loses puck.
10:45 of 2nd period - Snap shot by Dawson Mercer.
10:45 of 2nd period - Shot Misses the Net.
11:01 of 2nd period - Wrist shot by Adrian Kempe.
11:01 of 2nd period - Stopped by Marc-Andre Fleury with a rebound.
11:13 of 2nd period - Snap shot by Mitchell Marner.
11:13 of 2nd period - Shot Blocked by Scott Mayfield.
11:28 of 2nd period - Icing by Jake DeBrusk.
11:29 of 2nd period - Leon Draisaitl wins face-off versus Jeff Carter in Edmonton Oilers zone.
11:45 of 2nd period - Off-side.
11:46 of 2nd period - Dylan Guenther wins face-off versus Boone Jenner in neutral zone.
11:49 of 2nd period - Snap shot by Jordan Eberle.
11:49 of 2nd period - Stopped by Juuse Saros with a rebound.
12:07 of 2nd period - Minor Penalty to Rasmus Ristolainen for Boarding.
12:08 of 2nd period - Leon Draisaitl wins face-off versus Boone Jenner in Edmonton Oilers zone.
12:35 of 2nd period - Boone Jenner is hit by Blake Coleman and loses puck.
14:07 of 2nd period - Penalty to Rasmus Ristolainen is over, Rasmus Ristolainen is back on ice.
14:15 of 2nd period - Wrist shot by Sam Reinhart.
14:15 of 2nd period - Stopped by Juuse Saros without a rebound.
14:16 of 2nd period - Phillip Danault wins face-off versus Derek Ryan in Edmonton Oilers zone.
14:25 of 2nd period - Snap shot by Blake Coleman.
14:25 of 2nd period - Deflect By Mitchell Marner.
14:25 of 2nd period - Stopped by Juuse Saros with a rebound.
15:00 of 2nd period - Wrist shot by Jordan Eberle.
15:00 of 2nd period - Stopped by Juuse Saros without a rebound.
15:01 of 2nd period - Adam Gaudette wins face-off versus Boone Jenner in Edmonton Oilers zone.
15:06 of 2nd period - Snap shot by Dylan Guenther.
15:06 of 2nd period - Stopped by Juuse Saros with a rebound.
15:08 of 2nd period - Wrist shot by Dylan Guenther.
15:08 of 2nd period - Stopped by Juuse Saros with a rebound.
15:10 of 2nd period - Wrist shot by Adam Gaudette.
15:10 of 2nd period - Shot Misses the Net.
15:12 of 2nd period - Wrist shot by Dylan Guenther.
15:12 of 2nd period - Deflect By Jordan Eberle.
15:12 of 2nd period - Shot Blocked by Jacob Trouba.
15:12 of 2nd period - Puck is out of play.
15:13 of 2nd period - Jake DeBrusk wins face-off versus Adam Gaudette in Edmonton Oilers zone.
15:28 of 2nd period - Snap shot by Jake DeBrusk.
15:28 of 2nd period - Goal by Jake DeBrusk - Edmonton Oilers : 1 - Pittsburgh Penguins : 1.
15:29 of 2nd period - Boone Jenner wins face-off versus Leon Draisaitl in neutral zone.
15:40 of 2nd period - Wrist shot by Pavel Buchnevich.
15:40 of 2nd period - Shot Misses the Net.
15:46 of 2nd period - Wrist shot by David Perron.
15:46 of 2nd period - Deflect By Leon Draisaitl.
15:46 of 2nd period - Stopped by Marc-Andre Fleury without a rebound.
15:47 of 2nd period - Phillip Danault wins face-off versus Jeff Carter in Pittsburgh Penguins zone.
15:56 of 2nd period - Snap shot by Jake DeBrusk.
15:56 of 2nd period - Stopped by Marc-Andre Fleury with a rebound.
16:12 of 2nd period - Phillip Danault is hit by Dawson Mercer and loses puck.
16:21 of 2nd period - Wrist shot by Dawson Mercer.
16:21 of 2nd period - Stopped by Marc-Andre Fleury without a rebound.
16:22 of 2nd period - Leon Draisaitl wins face-off versus Boone Jenner in Pittsburgh Penguins zone.
16:33 of 2nd period - Snap shot by Sam Reinhart.
16:33 of 2nd period - Shot Misses the Net.
16:35 of 2nd period - Slapshot by Leon Draisaitl.
16:35 of 2nd period - Shot Blocked by Adrian Kempe.
16:37 of 2nd period - Snap shot by Leon Draisaitl.
16:37 of 2nd period - Stopped by Juuse Saros with a rebound.
17:13 of 2nd period - Snap shot by Dawson Mercer.
17:13 of 2nd period - Shot Misses the Net.
17:15 of 2nd period - Slapshot by Corey Perry.
17:15 of 2nd period - Stopped by Marc-Andre Fleury without a rebound.
17:16 of 2nd period - Gabriel Vilardi wins face-off versus Dawson Mercer in Pittsburgh Penguins zone.
17:32 of 2nd period - Backhand shot by Corey Perry.
17:32 of 2nd period - Stopped by Marc-Andre Fleury with a rebound.
17:40 of 2nd period - Wrist shot by Dawson Mercer.
17:40 of 2nd period - Shot Blocked by Gabriel Vilardi.
17:42 of 2nd period - Snap shot by Dawson Mercer.
17:42 of 2nd period - Stopped by Marc-Andre Fleury with a rebound.
17:44 of 2nd period - Snap shot by Scott Mayfield.
17:44 of 2nd period - Stopped by Marc-Andre Fleury with a rebound.
17:46 of 2nd period - Snap shot by Scott Mayfield.
17:46 of 2nd period - Shot Misses the Net.
17:48 of 2nd period - Snap shot by Dawson Mercer.
17:48 of 2nd period - Shot Misses the Net.
17:50 of 2nd period - Slapshot by Scott Mayfield.
17:50 of 2nd period - Stopped by Marc-Andre Fleury with a rebound.
17:52 of 2nd period - Snap shot by Ryan McLeod.
17:52 of 2nd period - Goal by Ryan McLeod - Edmonton Oilers : 2 - Pittsburgh Penguins : 1.
17:53 of 2nd period - Boone Jenner wins face-off versus Leon Draisaitl in neutral zone.
18:06 of 2nd period - Snap shot by Adrian Kempe.
18:06 of 2nd period - Stopped by Marc-Andre Fleury with a rebound.
18:08 of 2nd period - Slapshot by Adrian Kempe.
18:08 of 2nd period - Shot Misses the Net.
18:20 of 2nd period - Wrist shot by Corey Perry.
18:20 of 2nd period - Shot Blocked by Erik Gudbranson.
18:22 of 2nd period - Slapshot by David Savard.
18:22 of 2nd period - Stopped by Marc-Andre Fleury without a rebound.
18:23 of 2nd period - Dawson Mercer wins face-off versus Phillip Danault in Pittsburgh Penguins zone.
18:24 of 2nd period - Snap shot by Corey Perry.
18:24 of 2nd period - Stopped by Marc-Andre Fleury with a rebound.
18:38 of 2nd period - Snap shot by Mitchell Marner.
18:38 of 2nd period - Shot Misses the Net.
18:40 of 2nd period - Slapshot by Mitchell Marner.
18:40 of 2nd period - Shot Misses the Net.
19:18 of 2nd period - Wrist shot by David Perron.
19:18 of 2nd period - Stopped by Marc-Andre Fleury with a rebound.
19:26 of 2nd period - Brett Pesce is hit by Leon Draisaitl and loses puck.
19:39 of 2nd period - Backhand shot by Brock Faber.
19:39 of 2nd period - Deflect By Joey Anderson.
19:39 of 2nd period - Stopped by Juuse Saros without a rebound.
19:40 of 2nd period - Derek Ryan wins face-off versus Gabriel Vilardi in Edmonton Oilers zone.
19:51 of 2nd period - Snap shot by Joey Anderson.
19:51 of 2nd period - Shot Misses the Net.
Goals for this period are 2 for Edmonton Oilers vs 1 for Pittsburgh Penguins.
Shots for this period are 24 for Edmonton Oilers vs 11 for Pittsburgh Penguins.
3rd period
0:01 of 3rd period - Jeff Carter wins face-off versus Phillip Danault in neutral zone.
0:26 of 3rd period - David Perron is hit by Sam Reinhart and loses puck.
0:35 of 3rd period - Snap shot by Sam Reinhart.
0:35 of 3rd period - Shot Misses the Net.
0:56 of 3rd period - Snap shot by Corey Perry.
0:56 of 3rd period - Shot Hit the Post.
0:58 of 3rd period - Minor Penalty to Brock Faber for Holding Stick.
0:59 of 3rd period - Leon Draisaitl wins face-off versus Jeff Carter in Pittsburgh Penguins zone.
0:59 of 3rd period - Leon Draisaitl is hit by Scott Mayfield.
2:58 of 3rd period - Penalty to Brock Faber is over, Brock Faber is back on ice.
4:44 of 3rd period - Phillip Danault is hit by Derek Ryan and loses puck.
5:33 of 3rd period - Slapshot by James van Riemsdyk.
5:33 of 3rd period - Shot Misses the Net.
5:37 of 3rd period - Wrist shot by Gabriel Vilardi.
5:37 of 3rd period - Stopped by Juuse Saros with a rebound.
5:57 of 3rd period - Wrist shot by Joey Anderson.
5:57 of 3rd period - Shot Misses the Net.
6:10 of 3rd period - Erik Karlsson is hit by Morgan Barron and loses puck.
6:27 of 3rd period - Wrist shot by David Perron.
6:27 of 3rd period - Shot Blocked by Blake Coleman.
6:29 of 3rd period - Snap shot by Boone Jenner.
6:29 of 3rd period - Deflect By David Perron.
6:29 of 3rd period - Stopped by Marc-Andre Fleury without a rebound.
6:30 of 3rd period - Leon Draisaitl wins face-off versus Dawson Mercer in Pittsburgh Penguins zone.
6:32 of 3rd period - Minor Penalty to Brock Faber for Unsportsmanlike conduct.
6:33 of 3rd period - Leon Draisaitl wins face-off versus Jake DeBrusk in Pittsburgh Penguins zone.
7:02 of 3rd period - Snap shot by Adrian Kempe.
7:02 of 3rd period - Shot Misses the Net.
7:04 of 3rd period - Slapshot by Jacob Trouba.
7:04 of 3rd period - Stopped by Marc-Andre Fleury without a rebound.
7:05 of 3rd period - Mitchell Marner wins face-off versus Boone Jenner in Pittsburgh Penguins zone.
8:01 of 3rd period - Mitchell Marner is hit by Jacob Trouba and loses puck.
8:32 of 3rd period - Penalty to Brock Faber is over, Brock Faber is back on ice.
8:48 of 3rd period - Wrist shot by Dawson Mercer.
8:48 of 3rd period - Shot Misses the Net.
9:41 of 3rd period - Wrist shot by Jordan Eberle.
9:41 of 3rd period - Stopped by Juuse Saros with a rebound.
9:59 of 3rd period - Slapshot by Gabriel Vilardi.
9:59 of 3rd period - Goal by Gabriel Vilardi - Edmonton Oilers : 2 - Pittsburgh Penguins : 2.
10:00 of 3rd period - Jeff Carter wins face-off versus Leon Draisaitl in neutral zone.
10:35 of 3rd period - Icing by David Savard.
10:36 of 3rd period - Leon Draisaitl wins face-off versus David Perron in Edmonton Oilers zone.
10:40 of 3rd period - Icing by Scott Mayfield.
10:41 of 3rd period - Boone Jenner wins face-off versus Leon Draisaitl in Edmonton Oilers zone.
10:48 of 3rd period - Slapshot by Leon Draisaitl.
10:48 of 3rd period - Shot Blocked by Scott Mayfield.
11:46 of 3rd period - Wrist shot by Adrian Kempe.
11:46 of 3rd period - Deflect By Sam Reinhart.
11:46 of 3rd period - Shot Misses the Net.
11:46 of 3rd period - Puck is out of play.
11:47 of 3rd period - Phillip Danault wins face-off versus Jeff Carter in Pittsburgh Penguins zone.
12:36 of 3rd period - Jacob Trouba is hit by Erik Gudbranson and loses puck.
13:09 of 3rd period - Phillip Danault is hit by Corey Perry.
13:13 of 3rd period - Snap shot by Mitchell Marner.
13:13 of 3rd period - Shot Blocked by Scott Mayfield.
13:39 of 3rd period - Adam Gaudette is hit by Rasmus Ristolainen and loses puck.
14:04 of 3rd period - Wrist shot by Leon Draisaitl.
14:04 of 3rd period - Stopped by Juuse Saros with a rebound.
14:06 of 3rd period - Wrist shot by Sam Reinhart.
14:06 of 3rd period - Shot Blocked by Brett Pesce.
14:22 of 3rd period - Jeff Carter is hit by Blake Coleman and loses puck.
16:02 of 3rd period - Backhand shot by Leon Draisaitl.
16:02 of 3rd period - Stopped by Juuse Saros with a rebound.
16:04 of 3rd period - Snap shot by Pavel Buchnevich.
16:04 of 3rd period - Stopped by Juuse Saros with a rebound.
16:14 of 3rd period - Brandon Carlo is hit by Mark Giordano and loses puck.
16:21 of 3rd period - Slapshot by James van Riemsdyk.
16:21 of 3rd period - Shot Blocked by Brandon Carlo.
16:35 of 3rd period - Derek Ryan is hit by Erik Gudbranson and loses puck.
17:05 of 3rd period - Snap shot by Dawson Mercer.
17:05 of 3rd period - Stopped by Marc-Andre Fleury without a rebound.
17:06 of 3rd period - Sam Reinhart wins face-off versus Adrian Kempe in Pittsburgh Penguins zone.
17:20 of 3rd period - Minor Penalty to Adrian Kempe for Interference.
17:21 of 3rd period - Phillip Danault wins face-off versus Boone Jenner in Edmonton Oilers zone.
17:25 of 3rd period - Minor Penalty to Blake Coleman for Interference.
17:26 of 3rd period - Leon Draisaitl wins face-off versus Morgan Barron in Pittsburgh Penguins zone.
17:39 of 3rd period - Snap shot by Leon Draisaitl.
17:39 of 3rd period - Stopped by Juuse Saros without a rebound.
17:40 of 3rd period - Boone Jenner wins face-off versus Mitchell Marner in Edmonton Oilers zone.
17:46 of 3rd period - Icing by Rasmus Ristolainen.
17:47 of 3rd period - Boone Jenner wins face-off versus Mitchell Marner in Edmonton Oilers zone.
18:31 of 3rd period - Icing by Brock Faber.
18:32 of 3rd period - Mitchell Marner wins face-off versus Boone Jenner in Pittsburgh Penguins zone.
19:05 of 3rd period - Snap shot by Morgan Barron.
19:05 of 3rd period - Shot Blocked by Erik Karlsson.
19:20 of 3rd period - Penalty to Adrian Kempe is over, Adrian Kempe is back on ice.
19:23 of 3rd period - Snap shot by Adrian Kempe.
19:23 of 3rd period - Goal by Adrian Kempe - Edmonton Oilers : 3 - Pittsburgh Penguins : 2.
19:24 of 3rd period - Boone Jenner wins face-off versus Leon Draisaitl in neutral zone.
19:35 of 3rd period - Pittsburgh Penguins, Marc-Andre Fleury is pulled from the net.
19:45 of 3rd period - Wrist shot by Leon Draisaitl.
19:45 of 3rd period - Stopped by Juuse Saros without a rebound.
19:46 of 3rd period - Peter DeBoer call a timeout for Pittsburgh Penguins.
19:46 of 3rd period - Boone Jenner wins face-off versus Leon Draisaitl in Edmonton Oilers zone.
Goals for this period are 1 for Edmonton Oilers vs 1 for Pittsburgh Penguins.
Shots for this period are 4 for Edmonton Oilers vs 8 for Pittsburgh Penguins.
Back to the Top